[Event "Slovakian ECo-C Extraliga 2024-25"]
[Site "Slovakia"]
[Date "2025.01.19"]
[Round "4.4"]
[White "Baidetskyi, Valentin"]
[Black "Berczes David"]
[Result "1/2-1/2"]
[Annotator "TA"]
[ECO "B45"]
[WhiteElo "2521"]
[BlackElo "2406"]
[PlyCount "58"]
[EventDate "2024.09.12"]
[EventType "team-tourn"]
[EventCountry "SVK"]
[SourceTitle "playchess.com"]
[Source "ChessBase"]
[SourceQuality "1"]
[TimeControl "5400+30"]

1. e4 c5 2. Nf3 e6 3. d4 cxd4 4. Nxd4 Nf6 5. Nc3 Nc6 6. Ndb5 Bb4 7. Bf4 Nxe4 8. Qf3 d5 9. O-O-O Bxc3 10. Nc7+ Kf8 11. bxc3 e5 12. Nxd5 {[%emt 0:01:04] B45: Sicilian Four Knights.} f5 13. Be3 {[%emt 0:00:31] [#]} Qa5 $1 14. Bc4 {[%emt 0:01:38] Black is slightly better.} Be6 {[%emt 0:03:25][%cal Oc6e7] ...Ne7! would now be deadly.} 15. Bb3 Rd8 (15... Ne7 $5 16. c4 $8 b5 $14) 16. c4 h5 $40 {[%emt 0:08:18][%mdl 128] Black attacks.} 17. h3 (17. Rhe1 $11 {keeps the balance.}) 17... Kf7 $146 (17... g6 $17) (17... Kg8 18. Kb2 h4 19. Rhe1 Rd7 20. Qe2 Kf7 21. f3 Ng3 22. Qd2 Qxd2 23. Rxd2 f4 {½-½ Stadler,P (1750)-Johansson,M (2241) IECG TE.2003.F.01300 email 2007}) 18. g4 (18. Kb2 $11) 18... hxg4 $17 19. hxg4 {[%emt 0:00:36] [#]} Rxh1 20. Qxh1 Qa3+ 21. Kb1 Bxd5 {[%emt 0:00:31][%csl Oe4] Strong Square Black (e4)} 22. cxd5 $4 (22. Rxd5 $17 Nc3+ 23. Ka1 Nxd5 (23... fxg4 $2 24. Qh5+ Ke7 25. Bc5+ $18) 24. cxd5) 22... Nc3+ $19 23. Ka1 {[%emt 0:00:02] Chess con chili.} Na5 {[%emt 0:00:37] ( -> ...Nxb3+) A dynamic duo of knights.} 24. Rd2 Nxb3+ $2 (24... fxg4 25. d6+ (25. Bxa7 $2 {is the wrong capture.} Kg8 $19) 25... Nxb3+ 26. cxb3 Rxd6 (26... Ke6 27. Qg1 $11) 27. Qh5+ Kg8 28. Qe8+ Kh7 29. Qh5+ Kg8 30. Qe8+ Kh7 31. Qh5+ Kg8 $11) (24... Kg8 $19 25. gxf5 Nxa2) 25. cxb3 $11 {[%emt 0:00:02] and Rc2 would now be decisive. The position is equal.} Rxd5 26. Qh5+ Kg8 27. Qe8+ Kh7 28. Qh5+ Kg8 29. Qe8+ Kh7 {[%emt 0:00:02] Weighted Error Value: White=0.68/Black=0.31  Loses game:     	White=2     	---        Missed win:     	White=1     	---        Mistake:       	White=2     	Black=1      OK:         	White=1     	Black=6      Best:        	White=7     	Black=5      Strong:       	---       	Black=1} 1/2-1/2

[Event "Slovakian ECo-C Extraliga 2024-25"]
[Site "Slovakia"]
[Date "2025.01.19"]
[Round "4.4"]
[White "Pasti, Aron"]
[Black "Terbe, Julianna"]
[Result "1/2-1/2"]
[Annotator "TA"]
[ECO "B33"]
[WhiteElo "2372"]
[BlackElo "2224"]
[PlyCount "91"]
[EventDate "2024.09.12"]
[EventType "team-tourn"]
[EventCountry "SVK"]
[SourceTitle "playchess.com"]
[Source "ChessBase"]
[SourceQuality "1"]
[TimeControl "5400+30"]

1. e4 c5 2. Nf3 Nc6 3. d4 cxd4 4. Nxd4 Nf6 5. Nc3 e5 6. Ndb5 d6 7. Nd5 Nxd5 8. exd5 Nb8 9. a4 Be7 10. Bd2 Bf5 11. a5 a6 {[%emt 0:00:25] The position is equal.} 12. Na3 Be4 13. Qg4 Bg6 14. h4 {[%emt 0:02:35] [#] h5 would now be deadly.} f5 15. Qb4 Nd7 16. O-O-O O-O 17. f4 Bh5 (17... Bxh4 18. fxe5 (18. Qxd6 Bf6 $16) (18. Qxb7 Bh5 $17) 18... Bg3 19. e6 $16 (19. Qxd6 Nxe5 20. Qe6+ Nf7 $16) (19. exd6 b6 $16)) 18. Re1 Bf7 (18... Bxh4 $6 19. g3 (19. Qxd6 Bxe1 20. Bxe1 Qe8 $15) 19... Bxg3 20. Rxh5 Bxe1 21. Bxe1 exf4 22. Bc3 $14 (22. Qxd6 Nf6 $15) (22. Qxf4 Qe8 $16)) 19. Nc4 Bxd5 20. Nxd6 Qc7 21. Bc4 Bxc4 $40 {[%emt 0:00:15][%mdl 128] White needs to defend precisely.} (21... Qxc4 {simplifies} 22. Qxc4 Bxc4 23. Nxc4 e4) 22. Qxc4+ Qxc4 23. Nxc4 e4 24. g4 fxg4 $17 25. Rxe4 {[%emt 0:00:32] [#]} Bc5 26. b4 Nf6 27. Re2 Bd4 28. Nd6 Nd5 {[%emt 0:02:49] Prevents c3.} 29. Rd1 Rad8 (29... Nxf4 $2 30. Re4 $18) 30. Ne4 (30. Nxb7 $15 Rc8 31. Re4) 30... Rfe8 (30... Nxf4 31. Bxf4 Rxf4 32. c3 $14) 31. Rde1 h6 ({Better is} 31... Re6 $17 32. f5 Re5) 32. h5 (32. c4 $11 Ne7 33. h5) 32... Rf8 ({Black should play} 32... Re7 $15 33. c4 Rc7) 33. Rf1 (33. Rg2 $11) 33... Rd7 (33... Rc8 $142 34. f5 Rc4) 34. Kb1 $2 (34. c3 $17 Rc7 35. Kb2) 34... Re7 $19 {[%emt 0:00:59][%cal Od5e3] Strongly threatening ...Ne3!} 35. Ng3 Rxe2 36. Nxe2 Be3 37. Bxe3 Nxe3 {[%emt 0:00:04][%mdl 4096] Endgame. KRN-KRN} 38. Rg1 Rf5 (38... g6 $19 {has better winning chances. Threatens to win with ...Kf7.} 39. hxg6 (39. Rg3 $2 Re8 $19) 39... Kg7) 39. Rg3 $17 Nd5 40. Rxg4 Nxb4 41. Nd4 Rxh5 {[%emt 0:00:00][%cal Og8f7] White must now prevent ...Kf7!} 42. Ne6 Kf7 ({Of course not} 42... Rxa5 43. Rxg7+ (43. Nxg7 $2 {too greedy.} Kf7 $19) 43... Kh8 44. Rxb7 $11) 43. f5 Nc6 44. Rxg7+ {[%emt 0:00:00] Black is slightly better.} Kf6 45. Rxb7 Rxf5 (45... Kxf5 $2 {perishes.} 46. Ng7+ Ke5 47. Nxh5 $18) 46. Nc7 {[%emt 0:00:00] Weighted Error Value: White=0.26 (precise) /Black=0.18 (very precise) .  Mistake:       	White=5     	Black=4      Inaccurate:     	White=3     	Black=4      OK:         	White=12    	Black=17     Best:        	White=6     	Black=2} 1/2-1/2

[Event "Slovakian ECo-C Extraliga 2024-25"]
[Site "Slovakia"]
[Date "2025.01.19"]
[Round "4.4"]
[White "Butkiewicz, Lukasz"]
[Black "Simacek, Pavel"]
[Result "1/2-1/2"]
[Annotator "TA"]
[ECO "C77"]
[WhiteElo "2339"]
[BlackElo "2426"]
[PlyCount "91"]
[EventDate "2024.09.12"]
[EventType "team-tourn"]
[EventCountry "SVK"]
[SourceTitle "playchess.com"]
[Source "ChessBase"]
[SourceQuality "1"]
[TimeControl "5400+30"]

1. e4 e5 2. Nf3 Nc6 3. Bb5 a6 4. Ba4 Nf6 5. Nc3 b5 6. Bb3 Be7 7. d3 d6 8. a3 Bg4 9. Be3 {[%emt 0:00:33] Wards off Nd4} Nd4 10. Bxd4 exd4 11. Nd5 c6 12. h3 Bxf3 13. Nxf6+ Bxf6 14. Qxf3 Qa5+ {[%emt 0:00:09] Black is weak on the light squares} 15. Kf1 Qc7 16. a4 O-O 17. h4 Rac8 18. g4 Be5 19. Kg2 Kh8 20. g5 Qd7 21. Qf5 Qxf5 22. exf5 d5 23. axb5 axb5 24. Ra7 Rc7 25. Rha1 Rfc8 (25... Rxa7 $11 26. Rxa7 g6) 26. Rxc7 (26. Ra8 $16 {Threatens to win with R1a7.} h5 27. g6) 26... Bxc7 $16 {[%emt 0:00:05][%mdl 4096] Endgame KRB-KRB} 27. Ra7 f6 28. Kf3 fxg5 29. hxg5 h6 30. g6 Be5 31. Re7 Bf6 32. Re6 $1 {[%emt 0:00:33] White is more active.} Bg5 33. Kg4 Bf6 ({Black should try} 33... Bc1 $14) 34. Kf4 h5 35. Ba2 h4 36. Bb3 h3 (36... Kg8 $16) 37. Kg3 $18 Kg8 {[%emt 0:00:03] [#]} 38. Kxh3 $2 (38. Rxc6 $1 $18 Rxc6 39. Bxd5+ Kf8 40. Bxc6) 38... Kf8 $11 39. Kg4 Rc7 40. Kf3 Rc8 41. Kf4 Rc7 42. Kg4 Rc8 43. f4 Rc7 44. Re1 Ra7 45. Rh1 (45. Re6 Rc7 46. Kh3 Rc8) 45... Ke7 46. Re1+ 1/2-1/2

[Event "Slovakian ECo-C Extraliga 2024-25"]
[Site "Slovakia"]
[Date "2025.01.19"]
[Round "4.4"]
[White "Roubalik, Jakub"]
[Black "Zetocha, Claudiu Andrei"]
[Result "1-0"]
[Annotator "TA"]
[ECO "A40"]
[WhiteElo "2315"]
[BlackElo "2294"]
[PlyCount "71"]
[EventDate "2024.09.12"]
[EventType "team-tourn"]
[EventCountry "SVK"]
[SourceTitle "playchess.com"]
[Source "ChessBase"]
[SourceQuality "1"]
[TimeControl "5400+30"]

1. d4 e6 2. c4 c5 3. d5 exd5 4. cxd5 d6 5. e4 a6 6. a4 g6 7. Nc3 Bg7 8. Bd3 {[%emt 0:01:06] White is slightly better.} Ne7 9. h3 Nd7 10. Nf3 Ne5 11. Nxe5 Bxe5 12. O-O h6 (12... f5 $14) 13. f4 $16 Bd4+ 14. Kh2 f5 15. exf5 gxf5 16. Qh5+ (16. Re1 $16) 16... Kf8 $1 $14 17. Bd2 $36 {[%emt 0:03:25][%mdl 2048] Keeping Black busy.} Bd7 18. Rae1 Be8 ({Black should play} 18... Qe8 $14 19. Qf3 b5) 19. Qd1 {[%emt 0:10:50] White is much more active.} Bf7 (19... Rg8 $142) 20. Ne2 $16 Bxd5 21. Nxd4 cxd4 22. Rf2 (22. g4 $18) 22... Qd7 (22... h5 $16 23. b4 h4) 23. Qh5 $18 {[%emt 0:03:00] Strongly threatening Rfe2.} Qe8 24. Qh4 Qf7 {[%emt 0:02:24] Against Qf6} 25. Rfe2 Rg8 $2 {[%emt 0:09:52] [#]} (25... Ng6 26. Qh5 Rh7) 26. Qxh6+ (26. Rxe7 $2 Rxg2+ 27. Kh1 Rxd2+ $19 (27... Rg4+ $2 28. Kh2 $19)) 26... Qg7 27. Qg5 (27. Qxd6 Qxg2+ 28. Rxg2 Rxg2+ 29. Kh1 Rg6+ $17 (29... Rxd2+ $2 30. Kg1 $18) (29... Rxd2+ $2 30. Kg1 $18)) 27... Re8 (27... Nc6 {was necessary.} 28. Bxf5 (28. Qxf5+ Qf7 $18) 28... Bc4) 28. Bb4 Qh8 (28... Qxg5 $142 29. fxg5 Rxg5 30. Bxd6 Rg6) 29. Rxe7 Rxg5 30. Rxe8+ {[%emt 0:00:07] Black is weak on the dark squares} Kf7 31. fxg5 ({Less strong is} 31. Rxh8 Rxg2+ 32. Kh1 Rg3+ $16) 31... Qh4 32. R8e7+ Kg8 33. Bxd6 Qxg5 34. Re8+ Kf7 35. R8e7+ Kg8 $1 36. R1e2 {[%emt 0:00:27] Weighted Error Value: White=0.74/Black=0.52.  Mistake:       	White=2     	Black=7      Inaccurate:     	White=3     	Black=2      OK:         	White=11    	Black=4      Best:        	White=1     	Black=2      Strong:       	---       	Black=1} 1-0

[Event "Slovakian ECo-C Extraliga 2024-25"]
[Site "Slovakia"]
[Date "2025.01.19"]
[Round "4.4"]
[White "Zetocha, Claudiu Andrei"]
[Black "Roubalik, Jakub"]
[Result "*"]
[Annotator "TA"]
[ECO "A40"]
[WhiteElo "2294"]
[BlackElo "2315"]
[PlyCount "24"]
[EventDate "2024.09.12"]
[EventType "team-tourn"]
[EventCountry "SVK"]
[SourceTitle "playchess.com"]
[Source "ChessBase"]
[SourceQuality "1"]
[TimeControl "5400+30"]

1. d4 e6 2. c4 c5 3. d5 exd5 4. cxd5 {[%emt 0:00:08] A43: Schmid Benoni.} d6 5. e4 {[%emt 0:01:16] OK:         	White=1     	Black=1} a6 6. a4 $146 g6 7. Nc3 Bg7 8. h3 Nh6 9. Nf3 O-O 10. Bd3 f5 11. O-O f4 12. e5 dxe5 {½-½ Grischuk,A (2732)-Ponkratov,P (2595) RUS-chT Blitz 2023 (8.1)} *

[Event "Slovakian ECo-C Extraliga 2024-25"]
[Site "Slovakia"]
[Date "2025.01.19"]
[Round "4.4"]
[White "Karas, Marek"]
[Black "Durana, Jonas"]
[Result "1-0"]
[Annotator "TA"]
[ECO "D02"]
[WhiteElo "2147"]
[BlackElo "1968"]
[PlyCount "129"]
[EventDate "2024.09.12"]
[EventType "team-tourn"]
[EventCountry "SVK"]
[SourceTitle "playchess.com"]
[Source "ChessBase"]
[SourceQuality "1"]
[TimeControl "5400+30"]

1. d4 d5 2. Nf3 e6 3. Bf4 Bd6 4. Bg3 Nf6 5. e3 O-O 6. Nbd2 c5 7. c3 Qc7 8. dxc5 Qxc5 9. Bd3 Nbd7 10. e4 dxe4 11. Nxe4 Nxe4 12. Bxe4 Be7 13. Qb3 Nb6 (13... Qh5 $11) 14. Rd1 (14. O-O $14 {stays ahead.}) 14... f5 $1 $17 15. Bb1 $1 f4 $1 16. Qc2 Qh5 $19 (16... fxg3 $2 17. Qxh7+ Kf7 18. Qg6+ (18. fxg3 $2 Qe3+ 19. Kf1 Bc5 $19) (18. hxg3 Bf6 $14) 18... Kg8 19. hxg3 $18 (19. fxg3 $2 Qe3+ 20. Kf1 Rxf3+ 21. gxf3 Qxf3+ 22. Ke1 Qxh1+ $19)) 17. Ke2 $2 (17. O-O {was worth a try.}) 17... g6 (17... fxg3 18. hxg3 Qb5+ (18... Qf5 19. Qd2 $11) 19. Ke1 $11) 18. a4 fxg3 19. hxg3 Qf5 20. Qd2 Qf6 21. Rh4 Bd7 22. Rdh1 Rf7 (22... Bxa4 23. Rxh7 Bb5+ 24. Ke1 $16) 23. Rf4 Qg7 24. Rxf7 Kxf7 (24... Qxf7 25. Ne5 Qf6 (25... Qe8 $2 26. Qh6 $18) 26. Nxd7 Nxd7 27. Qh6 (27. Qxd7 $2 Qe5+ 28. Kd2 Rd8 $19) 27... Qe5+ 28. Kd1) 25. Ba2 Rh8 26. a5 Bb5+ 27. Ke1 Nd7 (27... Na4 $1 {And now ...Nc5 would win.} 28. Ng5+ Ke8 29. Nxe6 Qe5+ 30. Kd1 Qd6) 28. Nd4 Qe5+ 29. Kd1 {[%emt 0:00:45][%cal Oh1e1] [#]} Nf8 ({Black should play} 29... Ba4+ $1 $17 30. b3 Bc6) 30. Re1 $1 $36 {[%emt 0:00:32][%mdl 2048] White is more active.} Qh5+ $1 31. g4 $1 Qxg4+ 32. f3 $1 Qh5 $2 (32... Qh4 $11 {and Black has nothing to worry.} 33. g3 Qxg3 34. Nxb5 Qxf3+ 35. Kc1 Kg7) 33. Qf4+ $18 Kg7 34. Rxe6 $2 (34. Bxe6 $18 {And now Qf7+ would win.} Be8 35. Bd7) 34... Qh1+ (34... Nxe6 $2 35. Nxe6+ Kg8 36. Qb8+ Kf7 37. Nf4+ (37. Qxh8 Qh1+ 38. Kc2 Qxg2+ 39. Kb3 Kxe6 $19) 37... Kg7 38. Nxh5+ gxh5 39. Qe5+ (39. Qxa7 Rd8+ 40. Kc2 Bd3+ 41. Kb3 Rd7 $18) (39. Qxb7 Ba4+ 40. Kc1 Re8 $18) 39... Bf6 40. Qxb5 $18) (34... Bd8 $11 35. Rd6 Qh1+ (35... Bxa5 $2 36. Qf7+ Kh6 37. Nf5+ $18) 36. Kc2 Ba4+ (36... Qxg2+ 37. Kb3 $11) 37. b3 Qxg2+ 38. Kd3 Qf1+ (38... Bxa5 $2 39. Qe5+ Kh6 40. Qxh8 $18) 39. Kc2 Qf2+ (39... Bxa5 40. Qf6+ Kg8 41. bxa4+) 40. Kd1 Qh4 (40... Bxa5 $2 41. bxa4 Qxa2 42. Ne6+ Qxe6 43. Rxe6 $18) 41. Qxh4 Bxb3+ 42. Bxb3 Bxh4) 35. Re1 $16 {[%emt 0:03:12] The board is on fire.} Ba4+ (35... Qxg2 36. Rxe7#) 36. b3 {[%emt 0:00:46] White has more active pieces. The black rooks are passive.} Qh4 (36... Qxg2 37. Rxe7+ Kg8 38. Qf7#) 37. Qxh4 Bxh4 38. Re4 (38. bxa4 Bxe1 39. Kxe1 Nd7 $19) 38... Bxb3+ 39. Nxb3 ({Don't take} 39. Bxb3 Bf6 40. f4 h6 $18) 39... Bf6 {[%emt 0:00:42][%cal Of8d7] [#]} 40. Rb4 $1 b6 41. Nd4 ({White should try} 41. axb6 $16 axb6 42. Rxb6) 41... Nd7 $14 42. Ne6+ Kh6 43. axb6 axb6 44. Rg4 Nc5 45. Nd4 Rc8 46. Ne2 Kg7 47. Rb4 Rc6 48. Kc2 Be5 49. Nd4 Rf6 50. Bd5 Rd6 51. Ba8 Bxd4 52. cxd4 $11 {[%emt 0:00:00][%mdl 4096] Endgame KRB-KRN} Ne6 53. Kc3 Kf6 54. Be4 h5 55. Ra4 h4 56. Rb4 Nf4 57. Rb2 Ne6 58. Rd2 Kg5 59. d5 Nc5 60. Kc4 Nxe4 $4 (60... Kf4 $11) 61. fxe4 $18 Kf4 62. Kd4 g5 63. e5 Rd8 64. e6 Kf5 65. Rf2+ (65. e7 $142 Ra8 66. Rf2+ Kg4 67. d6) 1-0

[Event "Slovakian ECo-C Extraliga 2024-25"]
[Site "Slovakia"]
[Date "2025.01.19"]
[Round "4.5"]
[White "Hujbert Florian"]
[Black "Raczek, Krzysztof"]
[Result "1/2-1/2"]
[Annotator "TA"]
[ECO "D02"]
[WhiteElo "2413"]
[BlackElo "2443"]
[PlyCount "103"]
[EventDate "2024.09.12"]
[EventType "team-tourn"]
[EventCountry "SVK"]
[SourceTitle "playchess.com"]
[Source "ChessBase"]
[SourceQuality "1"]
[TimeControl "5400+30"]

1. Nf3 d5 2. d4 Nf6 3. c3 e6 4. Bf4 c5 5. e3 Nc6 6. Nbd2 cxd4 7. exd4 Nh5 8. Be3 Bd6 9. g3 {[%emt 0:00:36] White is slightly better.} Nf6 10. h3 O-O 11. Bg2 b6 12. Qb1 Qc7 13. O-O Bb7 14. Re1 Rfe8 15. Nh2 Na5 16. Ng4 Nd7 17. f4 Nc4 18. Nf3 f5 19. Nf2 Nf6 20. Ne5 Nxe3 21. Rxe3 Ne4 22. Nfd3 b5 23. Qe1 a5 24. Rc1 Rec8 25. a3 Qe7 26. Re2 b4 27. axb4 axb4 28. Nxb4 Bxb4 29. cxb4 Rxc1 30. Qxc1 Qxb4 31. Bxe4 (31. Kh2 $11 {remains equal.}) 31... dxe4 (31... fxe4 $6 32. Qc7 $11) 32. Qe3 Rd8 33. Rd2 Bd5 34. Qc3 Rb8 35. Kf2 (35. Qxb4 $142 Rxb4 36. h4) 35... Qb7 36. Rc2 Bb3 37. Rc1 Bd5 (37... h6 $5 38. Qc7 Ba4 (38... e3+ 39. Kg1 $15) 39. Qxb7 Rxb7 40. Rc8+ Kh7 $11) 38. Rc2 h6 39. h4 (39. g4 $15) 39... Bb3 (39... Kh7 $19 40. Rc1 Qxb2+ 41. Qxb2 Rxb2+ 42. Ke1 Rb3) 40. Rc1 $17 {[%emt 0:01:39] [#]} Bd5 (40... Ba4 $1 $17 41. h5 Qxb2+ 42. Qxb2 Rxb2+ 43. Ke1 Kf8) 41. Rc2 $19 Kh7 42. h5 Bb3 ({Black should play} 42... Qa7 $19 {aiming for ...Rb3.} 43. b4 Qa4) 43. Rc1 $17 Ba4 44. Ng6 $2 (44. g4 $17) 44... e3+ $19 (44... Qxb2+ 45. Qxb2 Rxb2+ 46. Kg1 $15) 45. Qxe3 Qd5 46. Qc3 {[%emt 0:00:00] [#]} (46. b3 {is more resistant.} Bc6 (46... Qxb3 47. Qxb3 Bxb3 48. Rb1 $14) (46... Rxb3 47. Nf8+ Kh8 48. Ng6+ Kh7 49. Nf8+ Kh8 50. Ng6+ Kh7 $11) (46... Bxb3 47. Qe5 $11) 47. Nh4 Rxb3 48. Qxb3 Qxb3 49. Rxc6) 46... Rb3 $1 (46... Qa2 47. Kg1 $17) 47. Qxb3 Bxb3 ({Black should try} 47... Qxb3 $19 48. Rc8 Be8 (48... Qxb2+ $2 49. Ke3 $19) 49. Rxe8 Qxb2+ 50. Kf3 Qc3+ (50... Qxd4 51. Rh8#) 51. Ke2 Qc2+ (51... Qxg3 52. Rh8#) 52. Ke1 Qe4+ 53. Kf2 Qxd4+ 54. Kg2 Qe4+ 55. Kg1 Qe3+ 56. Kh2 Qe2+ 57. Kg1 Qxh5 58. Rxe6 Qf3) 48. Rc8 $1 $11 {[%emt 0:00:00][%csl Gg6][%cal Rc8h8] The position is equal.} Qxd4+ 49. Kg2 Qe4+ $1 ({Worse is} 49... Qxb2+ 50. Kh3) (49... Qd5+ 50. Kh2 Qd2+ 51. Kh3) 50. Kf2 $1 Qd4+ 51. Kg2 {[%emt 0:00:00][%csl Gg6][%cal Rc8h8] Chess con chili.} Qe4+ $1 ({Stronger than} 51... Qxb2+ 52. Kh3) ({Not} 51... Qd5+ 52. Kh2 Qd2+ 53. Kh3) 52. Kf2 $1 {[%emt 0:00:00] Weighted Error Value: White=0.24 (precise) /Black=0.24 (precise) .  Missed win:     	---       	Black=1      Mistake:       	White=5     	Black=3      Inaccurate:     	White=1     	Black=1      OK:         	White=14    	Black=16     Best:        	White=6     	Black=2      Strong:       	White=3     	Black=3} 1/2-1/2

[Event "Slovakian ECo-C Extraliga 2024-25"]
[Site "Slovakia"]
[Date "2025.01.19"]
[Round "4.5"]
[White "Mrva, Martin"]
[Black "Zambor, Norbert"]
[Result "1-0"]
[Annotator "TA"]
[ECO "B12"]
[WhiteElo "2398"]
[BlackElo "2243"]
[PlyCount "176"]
[EventDate "2024.09.12"]
[EventType "team-tourn"]
[EventCountry "SVK"]
[SourceTitle "playchess.com"]
[Source "ChessBase"]
[SourceQuality "1"]
[TimeControl "5400+30"]

1. e4 c6 2. d4 d5 3. e5 Bf5 4. Nf3 e6 5. Be2 Nd7 6. O-O Ne7 7. c3 h6 8. Nbd2 g5 9. Ne1 Qc7 10. Bh5 Bg7 11. f4 gxf4 12. Ndf3 (12. Rxf4 O-O $11) 12... Ng6 {[%emt 0:02:01] Inhibits Nh4.} 13. Nd3 O-O-O 14. Nxf4 (14. Bxf4 $2 Bxd3 15. Bg3 Bxf1 16. Qxf1 Kb8 $19) 14... Nxf4 15. Bxf4 f6 16. g4 (16. exf6 Qxf4 17. fxg7 Rh7 $11) (16. Nh4 $14 fxe5 17. Bg3) 16... Be4 $11 17. Bg3 (17. exf6 $11 Qxf4 18. fxg7) 17... fxe5 $17 18. Nd2 Qb6 $1 19. Nxe4 dxe4 20. Rf7 Rhg8 21. Qb3 Qxb3 (21... exd4 $17 {aiming for ...d3+.} 22. Kg2 d3) 22. axb3 $11 a6 $1 23. dxe5 Nxe5 24. Raf1 Nd7 (24... Rd3 $11 {keeps the balance.}) 25. Re1 (25. Kg2 $16) 25... e5 $2 (25... Ne5 $1 $11 {and Black stays safe.}) 26. Rxe4 (26. Rd1 $1 $18 {and the rest is easy.}) 26... Bh8 27. b4 $36 {[%emt 0:03:32][%mdl 2048] White is on the roll.} Rdf8 28. Re7 (28. Kg2 $16) 28... Kd8 (28... Bf6 $1 $14 29. Rf7 Bg5) 29. Re6 $1 $16 Bf6 30. Re1 Rg7 31. Rd6 Ke7 ({Better is} 31... Kc7 32. Re6 Rgg8) 32. Red1 Rd8 (32... Kd8 $16 33. h4 Kc8) 33. Kg2 (33. Kf2 $18) 33... Rgg8 34. Kf3 Rgf8 35. Ke2 {[%emt 0:00:03] White is much more active.} Nb6 36. Rxd8 Rxd8 37. Rxd8 Kxd8 {[%emt 0:00:03][%mdl 4096] Endgame KBB-KBN} 38. Bg6 (38. Kd3 $1 $16) 38... Na4 $11 39. Kd3 Ke7 (39... Nxb2+ $11 40. Kc2 Nc4) 40. b3 (40. Kc2 $16) 40... e4+ $1 $14 41. Bxe4 Nxc3 42. Bf4 Nxe4 43. Kxe4 {[%emt 0:00:00] KB-KB} Bg7 44. Kf5 Kf7 45. h4 Bf8 46. Bd2 Bg7 47. Be3 Bf8 48. Bc5 Bg7 49. h5 Bc3 50. Bd6 Bd2 51. Bc5 Bc3 52. Be3 {[%emt 0:00:00] Dodges Bd2} Bg7 (52... Kg7 $11) 53. Bd2 Bf8 54. g5 hxg5 55. Kxg5 Kg7 56. Kf5 c5 57. bxc5 Bxc5 58. Ke6 Bf8 59. Kd7 a5 60. Kc7 (60. Bxa5 $5 Kh6 $8 61. Kc7 $11) 60... b5 $1 61. Bxa5 Kh6 62. Kc6 Kxh5 63. Kxb5 Kg6 64. Bb4 Bh6 65. Bc5 Kf5 66. Kc6 Bd2 $1 67. Kd5 Be1 68. Bd4 Bd2 69. Bb2 Be1 70. Bd4 Bd2 71. Kc4 Ke6 72. Bc3 Be3 73. b4 Kd6 {[%emt 0:00:18] [#]} (73... Kd7 $11) 74. Kb5 $1 $16 Kc7 {[%emt 0:00:41] [#]} 75. Ka6 $1 Kc6 76. Be5 Kd5 77. Bc7 Kc6 {[%emt 0:00:05] Wards off Bb6} 78. Ba5 Kd7 79. Bb6 Bd2 80. b5 Kc8 $2 (80... Bf4 $16) 81. Bd4 Bf4 82. b6 (82. Kb6 $16) 82... Bg3 $11 83. Ka7 Kd7 $1 84. b7 Kc6 85. Ka8 {[%emt 0:00:12][%cal Od4f2] Black must now prevent Bf2!.} Kb5 $1 86. Ba7 {[%emt 0:00:06] Threatening mate with Bb8.} Ka6 $4 (86... Ka5 $11 87. Bb8 (87. b8=R Bxb8 $11) 87... Bf2 88. Bc7+ Kb4 89. b8=Q+ (89. b8=B Kb5 $11) 89... Kc3) 87. Bb8 ({Stronger than} 87. b8=R Bxb8 $11) 87... Bf2 88. Be5 Bc5 1-0

[Event "Slovakian ECo-C Extraliga 2024-25"]
[Site "Slovakia"]
[Date "2025.01.19"]
[Round "4.5"]
[White "Hajek Oskar"]
[Black "Motuz, Karol"]
[Result "1/2-1/2"]
[Annotator "TA"]
[ECO "C47"]
[WhiteElo "2251"]
[BlackElo "2305"]
[PlyCount "44"]
[EventDate "2024.09.12"]
[EventType "team-tourn"]
[EventCountry "SVK"]
[SourceTitle "playchess.com"]
[Source "ChessBase"]
[SourceQuality "1"]
[TimeControl "5400+30"]

1. e4 e5 2. Nf3 Nc6 3. Nc3 Nf6 4. d4 exd4 5. Nxd4 Bb4 6. Nxc6 bxc6 7. Bd3 O-O 8. O-O d5 9. Bd2 (9. Qf3 {is more complex.} Bxc3 10. bxc3 dxe4 11. Bxe4 Nxe4 12. Qxe4 Qd5 13. Re1) 9... Bxc3 10. Bxc3 dxe4 11. Bxf6 Qxf6 12. Bxe4 Qxb2 13. Bxc6 Ba6 14. Rb1 Qc3 15. Bxa8 Bxf1 16. Qf3 Qxf3 17. Bxf3 $14 {[%emt 0:00:32][%mdl 4096] Endgame KRB-KRB} Ba6 18. Rb3 Rd8 19. Ra3 Rd6 {[%emt 0:00:59] [#]} 20. c4 Bxc4 $11 21. Rxa7 {[%emt 0:01:24] Ra8+ would kill now.} Kf8 22. Rxc7 Ra6 $2 1/2-1/2